 Dungeon Crawl Stone Soup version 0.31-a0-210-gccc998df9b (webtiles) character file.

Game seed: 11731210323138429789

510 qw the Chopper (level 7, -3/44 HPs)
             Began as a Gargoyle Fighter on June 30, 2023.
             Killed from afar by Dowan (7 damage)
             ... with a stone arrow
             ... on level 4 of the Dungeon.
             The game lasted 00:01:30 (2979 turns).

qw the Chopper (Gargoyle Fighter)                   Turns: 2979, Time: 00:01:31

Health: -3/44      AC: 11    Str: 21    XL:     7   Next: 19%
Magic:  7/7        EV:  9    Int:  9    God:
Gold:   217        SH:  4    Dex:  9    Spells: 6/6 levels left

rFire   . . .        Y - +0 war axe (heavy)
rCold   + . .        c - +0 buckler
rNeg    + . .        b - +0 scale mail
rPois   inf          (no helmet)
rElec   +            (no cloak)
rCorr   .            (no gloves)
SInv    .            (no boots)
Will    .....        (no amulet) Stlth
                     h - ring of protection from cold
HPRegen 0.27/turn    (no ring)
MPRegen 0.10/turn

%: no passive effects
@: no status effects
A: sickness immunity, AC +4, negative energy resistance 1, electricity
resistance, torment resistance 1, petrification resistance
a: no special abilities


You were on level 4 of the Dungeon.
You visited 1 branch of the dungeon, and saw 4 of its levels.

You collected 217 gold pieces.


Innate Abilities, Weirdness & Mutations

You are immune to sickness and miasma.
Your stone body is resilient. (AC +4)
You are immune to poison.
You resist negative energy. (rN+)
You are resistant to electric shocks. (rElec)
You are resistant to unholy torment.
You are immune to petrification.


   Skills:
 - Level 5.5 Fighting
 + Level 5.6 Axes
 - Level 3.2 Armour
 - Level 1.0 Dodging
 - Level 3.2 Shields


You had 6 spell levels left.
You didn't know any spells.
Your spell library was empty.

Inventory:

Hand Weapons
 n - a +0 flail
 Y - a +0 heavy war axe (weapon)
Missiles
 l - 2 boomerangs (quivered)
Armour
 b - a +0 scale mail (worn)
 c - a +0 buckler (worn)
 i - a +0 chain mail
Jewellery
 h - a ring of protection from cold (left hand)
Scrolls
 j - a scroll of revelation {unknown}
Potions
 a - a potion of magic {unknown}
 d - a potion of might
 e - a potion of curing {unknown}
 f - a potion of mutation {unknown}
 g - 2 potions of lignification {unknown}
 k - a potion of attraction {unknown}

Dungeon Overview and Level Annotations

Branches:
Dungeon (4/15)
 Temple: D:4-7

Altars:

Annotations:
D:4 Dowan


Message History

Duvessa hits you with a +1 short sword of draining!
You slash Duvessa!
You kill Duvessa!
Dowan seems overcome with grief.
Dowan seems to find hidden reserves of power!
The hobgoblin hits you.
You have reached level 7!
You hit the hobgoblin but do no damage. The hobgoblin hits you.
Dowan hits you but does no damage. You block the hobgoblin's attack.
Dowan barely misses you.
You barely miss Dowan. You slash the hobgoblin!
You kill the hobgoblin!
Dowan casts a spell.
Dowan blinks!
Dowan gestures at you while chanting. The shard of ice hits you!
You partially resist.
Items here: %% ) [.
Enter note:
Enter note:
Enter note:
Enter note: You closely miss Dowan.
Dowan hits you but does no damage. Dowan closely misses you.
Dowan gestures wildly while chanting.
Dowan blinks!
2977 ||| Stepping ~*~*~tactically~*~*~ (hiding).
Dowan breathes, "And she was my only..."
Enter note:
Enter note:
Enter note:
Enter note: Dowan points at you and mumbles some strange words.
The shard of ice hits you. You partially resist.
Enter note:
Enter note:
Enter note:
Enter note: Dowan casts a spell at you. The stone arrow hits you!
You die...

### ##~~##
~~~...
....# ##
....
....#.e##
........#
#@# #.##
#.)### #
##...# .##
###.#
##..#
#.###....#
#..#.....#
##....#..#
#...###..#


You could see Dowan (fast).

Vanquished Creatures
  Grinder (D:3)
  Duvessa (D:4)
  An orc priest (D:4)
  Ijyb (D:3)
  Terence (D:3)
  4 adders
  3 worms
  A dart slug (D:2)
  10 orcs
  6 ball pythons
  8 endoplasms
  4 giant cockroaches
  4 goblins
  7 hobgoblins
  6 quokkas
  7 bats
  4 frilled lizards
  9 kobolds
  2 rats (D:1)
80 creatures vanquished.

Notes
Turn   | Place    | Note
-------+----------+-------------------------------------------
     0 | D:1      | qw the Gargoyle Fighter began the quest for the Orb.
     0 | D:1      | Reached XP level 1. HP: 14/14 MP: 1/1
     0 | D:1      | 0 ||| qw: Version: 0.3-a-24-ga2abf7b
     0 | D:1      | 0 ||| qw: Game counter: 7108
     0 | D:1      | 0 ||| qw: Melee chars always use a shield: true
     0 | D:1      | 0 ||| qw: God list: Okawaru
     0 | D:1      | 0 ||| qw: Allow faded altars: false
     0 | D:1      | 0 ||| qw: Do Orc after clearing Dungeon:15 true
     0 | D:1      | 0 ||| qw: Do second Lair branch before Depths: true
     0 | D:1      | 0 ||| qw: Lair rune preference: random
     0 | D:1      | 0 ||| qw: Goals: Normal, Zot:1-4, Slime:5, God:TSO, Crypt,
                  | Tomb, Abyss, Pan, Hells, Win
     0 | D:1      | 0 ||| PLANNING D:1-11
    73 | D:1      | Found a faded altar of an unknown god.
   252 | D:1      | Reached XP level 2. HP: 19/19 MP: 2/2
   554 | D:1      | Reached skill level 3 in Axes
   645 | D:1      | Reached XP level 3. HP: 23/23 MP: 3/3
   661 | D:1      | 661 ||| DROPPING +0 club.
  1301 | D:1      | 1301 ||| UPGRADING to ring of protection from cold.
  1302 | D:1      | 1302 ||| READING scroll labelled PIQOAMA UKECW.
  1330 | D:2      | 1330 ||| STAIRDANCE
  1504 | D:2      | 1504 ||| Stepping ~*~*~tactically~*~*~ (stealth).
  1539 | D:2      | 1539 ||| Stepping ~*~*~tactically~*~*~ (hiding).
  1550 | D:2      | 1550 ||| Stepping ~*~*~tactically~*~*~ (hiding).
  1725 | D:2      | 1725 ||| Stepping ~*~*~tactically~*~*~ (stealth).
  1731 | D:2      | Reached XP level 4. HP: 28/28 MP: 4/4
  2033 | D:2      | 2033 ||| Stepping ~*~*~tactically~*~*~ (stealth).
  2034 | D:2      | 2034 ||| Stepping ~*~*~tactically~*~*~ (stealth).
  2110 | D:2      | 2110 ||| READING scroll labelled FAPPIL VADEEMMUTI.
  2187 | D:3      | Noticed Terence
  2195 | D:3      | Killed Terence
  2196 | D:3      | Reached XP level 5. HP: 32/32 MP: 5/5
  2242 | D:3      | 2242 ||| DROPPING +0 whip.
  2382 | D:3      | 2382 ||| Stepping ~*~*~tactically~*~*~ (hiding).
  2444 | D:3      | 2444 ||| SWAPPING to +0 heavy war axe.
  2445 | D:3      | 2445 ||| DROPPING +1 whip of freezing.
  2446 | D:3      | 2446 ||| DROPPING +0 war axe.
  2488 | D:3      | Noticed Ijyb
  2490 | D:3      | 2490 ||| Stepping ~*~*~tactically~*~*~ (hiding).
  2503 | D:3      | Killed Ijyb
  2633 | D:3      | Noticed Grinder
  2638 | D:3      | Paralysed by Grinder for 4 turns
  2645 | D:3      | Killed Grinder
  2646 | D:3      | Reached XP level 6. HP: 33/40 MP: 6/6
  2779 | D:3      | 2779 ||| READING scroll labelled OTASAV HAEVINIFU.
  2780 | D:3      | 2780 ||| READING scroll labelled TOMISM QERHINIT.
  2798 | D:4      | 2798 ||| PLANNING SEWER
  2809 | D:4      | 2809 ||| Stepping ~*~*~tactically~*~*~ (hiding).
  2817 | D:4      | Reached skill level 1 in Dodging
  2818 | D:4      | 2818 ||| FLEEEEING.
  2819 | D:4      | 2819 ||| FLEEEEING.
  2820 | D:4      | 2820 ||| FLEEEEING.
  2821 | D:4      | 2821 ||| FLEEEEING.
  2822 | D:4      | 2822 ||| FLEEEEING.
  2823 | D:4      | 2823 ||| STAIRDANCE
  2966 | D:4      | Noticed Duvessa
  2968 | D:4      | Noticed Dowan
  2972 | D:4      | Killed Duvessa
  2973 | D:4      | Reached XP level 7. HP: 19/44 MP: 7/7
  2974 | D:4      | HP: 7/44 [Dowan/shard of ice (12)]
  2977 | D:4      | 2977 ||| Stepping ~*~*~tactically~*~*~ (hiding).
  2979 | D:4      | Killed from afar by Dowan

Levels and vault maps discovered:
D:1:      scummos_arrival_hexagon, layout_loops_corners,
          hellmonk_ecumenical_altar_slurped_away, serial_rivers,
          chequers_serial_rivers_micro_a, chequers_serial_rivers_small_3,
          chequers_serial_rivers_room_b, chequers_serial_rivers_small_3,
          chequers_serial_rivers_micro_c
D:2:      layout_loops_cross
D:3:      layout_basic, serial_curves, eino_curves_01, eino_curves_04,
          uniq_ijyb, uniq_terence, uniq_grinder
D:4:      layout_cave_pools, mainiacjoe_overflow_boulevard,
          cheibrodos_sewer_entry_bend, uniq_duvessa

Skill      XL: |  1  2  3  4  5  6 |
---------------+-------------------+-----
Axes           | 2 3 4 5 |  5.6
Fighting       | 5 |  5.5
Dodging        | 1 |  1.0
Armour         | |  3.2
Shields        | |  3.2

Action                     |  1- 3 |  4- 6 |  7- 9 || total
---------------------------+-------+-------+-------++-------
  Melee: War axe           |   138 |   106 |     3 ||   247
  Throw: Boomerang         |       |     9 |       ||     9
    Use: Scroll            |     1 |     3 |       ||     4
 Armour: Scale mail        |    65 |    63 |     2 ||   130
  Dodge: Dodged            |    58 |    40 |     2 ||   100
  Block: Buckler           |    26 |    21 |     1 ||    48

Table legend:
 A = Non-vault XP
 B = Vault XP
 C = Vault XP percentage of total XP
 D = Non-vault monster count
 E = Vault monster count
 F = Vault count percentage of total count
                 A         B        C        D         E       F
            +---------+---------+-------+---------+---------+-------
      Total |     238 |     491 |  67.4 |      75 |       5 |   6.2
            +---------+---------+-------+---------+---------+-------
        D:1 |      45 |       2 |   4.3 |      27 |       1 |   3.6
        D:2 |      81 |       0 |   0.0 |      22 |       0 |   0.0
        D:3 |      52 |     344 |  86.9 |      18 |       3 |  14.3
        D:4 |      60 |     145 |  70.7 |       8 |       1 |  11.1
            +---------+---------+-------+---------+---------+-------
